 Dungeon Sprint DCSS version 0.21.1-1-g345015f (webtiles) character file.

6637 Fang the Severer (level 10, -12/107 HPs)
             Began as a Minotaur Berserker on June 5, 2018.
             Was the Champion of Trog.
             Mangled by a merfolk
             ... wielding the +1 quarterstaff of Valour {protect, *Noise MR++ Dex+4}
              (17 damage)
             ... in the Dungeon (Sprint V: "Ziggurat Sprint").
             The game lasted 00:07:32 (1156 turns).

Fang the Severer (Minotaur Berserker)               Turns: 1156, Time: 00:07:34

Health: -12/107    AC:  7    Str: 34    XL:     10   Next: 72%
Magic:  3/3        EV: 15    Int:  4    God:    Trog [******]
Gold:   0          SH:  0    Dex: 10    Spells: 9/9 levels left

rFire    . . .     SeeInvis .   D - +5 broad axe (antimagic)
rCold    . . .     Gourm    .   (no shield)
rNeg     . . .     Faith    .   B - +3 robe of Clouds {+Fly rElec}
rPois    .         Spirit   .   (helmet restricted)
rElec    +         Reflect  .   (no cloak)
rCorr    .         Harm     .   a - +0 pair of gloves {Str+3}
MR       .....     NoTele   +   (no boots)
Stlth    ++........             (no amulet)
HPRegen  0.27/turn              F - +6 ring of strength
MPRegen  0.08/turn              G - ring of flight

@: berserk cooldown, slowed, very slow
A: retaliatory headbutt, horns 2
a: Berserk, Trog's Hand, Brothers in Arms, Burn Spellbooks, Renounce Religion,
Evoke Flight


You were in the Dungeon.
You worshipped Trog.
Trog was exalted by your worship.
You were very hungry.

You visited 1 branch

Inventory:

Hand Weapons
 k - a +5 executioner's axe
 l - a +5 demon trident
 D - a +5 antimagic broad axe (weapon)
Armour
 a - a +0 pair of gloves of strength (worn)
 B - the +3 robe of Clouds (worn) {+Fly rElec}
   (You found it in the Dungeon)

   It insulates you from electricity.
   It lets you fly.
Jewellery
 b - an uncursed ring of stealth
 C - the amulet "Tiloch" {+Rage Str+7 Dex-3}
   (You found it in the Dungeon)

   [amulet of rage]

   It affects your strength (+7).
   It affects your dexterity (-3).
   It lets you go berserk.
 F - a +6 ring of strength (left hand)
 G - a ring of flight (right hand)
Wands
 x - a wand of disintegration (7)
 y - a wand of iceblast (7)
 z - a wand of acid (7)
Scrolls
 i - 4 scrolls of blinking
 m - 7 scrolls of fog
 n - a scroll of holy word
 o - 5 scrolls of identify
 p - 5 scrolls of remove curse
 q - 2 scrolls of fear
Potions
 d - 10 potions of curing
 e - 9 potions of heal wounds
 f - 6 potions of haste
 g - 7 potions of magic
 h - 3 potions of berserk rage
 r - 2 potions of brilliance
 s - 2 potions of invisibility
 t - 4 potions of resistance
 u - a potion of experience
 v - 5 potions of agility
 w - 5 potions of might
Miscellaneous
 j - a box of beasts
 A - a lamp of fire
 E - a sack of spiders
Comestibles
 c - 6 rations


   Skills:
 + Level 15.9 Fighting
 + Level 17.7(19.0) Axes
 + Level 13.0(16.8) Polearms
 + Level 10.1 Armour
 + Level 8.2 Dodging
 + Level 1.9 Stealth


You had 9 spell levels left.
You didn't know any spells.

Dungeon Overview and Level Annotations

Branches:
Dungeon (1/1)

Altars:
Ashenzari
Cheibriados
Dithmenos
Elyvilon
Fedhas
Gozag
Hepliaklqana
Kikubaaqudgha
Makhleb
Nemelex Xobeh
Okawaru
Qazlal
Ru
Sif Muna
Trog
Uskayaw
Vehumet
Wu Jian
Xom
Yredelemnul
Zin
The Shining One
Beogh
Jiyva
Lugonu

Annotations:
D 1 transporter


Innate Abilities, Weirdness & Mutations

You reflexively headbutt those who attack you in melee.
You have a pair of horns on your head.


Message History

* * * LOW HITPOINT WARNING * * *
The merfolk burns you!
* * * LOW HITPOINT WARNING * * *
The merfolk hits you with the +1 quarterstaff of Valour {protect, *Noise MR++ Dex+4}!
* * * LOW HITPOINT WARNING * * *
The merfolk hits you from afar with a trident!
* * * LOW HITPOINT WARNING * * *
You are too injured to fight recklessly!
Unknown command.
You are too injured to fight recklessly!
Unknown command.
Unknown command.
You feel much better. The merfolk misses you.
The merfolk hits you but does no damage.
The merfolk hits you with a +0 rapier of flaming!
* * * LOW HITPOINT WARNING * * *
The merfolk burns you.
* * * LOW HITPOINT WARNING * * *
The merfolk hits you with the +1 quarterstaff of Valour {protect, *Noise MR++ Dex+4}!
You die...

▓▓▓▓▓▓▓▓▓▓▓▓▓▓▓▓▓▓▓
▓...8©8...▓..8©8..▓
▓..|)):[..▓..))[..▓
▓...)[)...▓...)[..▓
▓.........▓.......▓
▓....C....▓.....≈.▓
▓...mHm...▓.......▓
▓...mmmH..▓.......▓
▓.▓.§@§.▓.▓...).).▓
▓....©....▓...©).≈▓
▓▓▓▓▓▓▓▓▓▓▓▓▓▓▓▓▓▓▓


You could see 5 merfolk, a cyclops and 2 hippogriffs.

Vanquished Creatures
  An ettin (shapeshifter) (D)
  A yaktaur captain (D)
  A dancing weapon (D)
  A deep elf knight (D)
  A deep elf archer (D)
  A harpy (D)
  A deep elf mage (D)
  An orc knight (D)
  2 vault sentinels (D)
  A yaktaur (D)
  An air elemental (D)
  A golden eye (D)
  2 hell hounds (D)
  2 necrophages (D)
  A phantom (D)
  3 centaurs (D)
  2 wights (D)
  A crimson imp (D)
  2 quasits (D)
  4 jellies (D)
  An ooze (D)
  3 adder skeletons (D)
  A bat skeleton (D)
  A bat zombie (D)
  A leopard gecko skeleton (D)
37 creatures vanquished.

Notes
Turn   | Place    | Note
-------+----------+-------------------------------------------
     0 | D        | Found the +6 Majin-Bo {vamp, Archmagi MP+6 Int+6}
     0 | D        | Found the +7 great mace "Firestarter" {inner flame, rF++}
     0 | D        | Fang the Minotaur Berserker began the quest for the Orb.
     0 | D        | Reached XP level 1. HP: 19/19 MP: 0/0
     3 | D        | Found a blossoming altar of Fedhas.
     4 | D        | Found a viscous altar of Jiyva.
     4 | D        | Found a hazy altar of Hepliaklqana.
     4 | D        | Found a transporter.
     4 | D        | Found an opulent altar of Gozag.
     4 | D        | Found an ancient bone altar of Kikubaaqudgha.
     4 | D        | Found a corrupted altar of Lugonu.
    10 | D        | Found a burning altar of Makhleb.
    16 | D        | Found a sacrificial altar of Ru.
    16 | D        | Found a stormy altar of Qazlal.
    16 | D        | Found a deep blue altar of Sif Muna.
    16 | D        | Found an iron altar of Okawaru.
    16 | D        | Found a bloodstained altar of Trog.
    16 | D        | Found a sparkling altar of Nemelex Xobeh.
    77 | D        | Entered arena 2.
    77 | D        | Noticed a jelly
    77 | D        | Noticed a jelly
    77 | D        | Found a transporter.
    80 | D        | Killed a jelly
    80 | D        | Reached skill level 5 in Fighting
    80 | D        | Reached skill level 5 in Axes
    80 | D        | Reached XP level 2. HP: 30/30 MP: 1/1
    80 | D        | Reached XP level 3. HP: 37/37 MP: 2/2
    81 | D        | Reached skill level 6 in Axes
   127 | D        | Entered arena 3.
   127 | D        | Noticed a necrophage
   127 | D        | Noticed a necrophage
   127 | D        | Found a transporter.
   129 | D        | Reached ** piety under Trog
   132 | D        | Killed a necrophage
   132 | D        | Reached skill level 8 in Axes
   132 | D        | Reached XP level 4. HP: 49/49 MP: 3/3
   132 | D        | Reached XP level 5. HP: 55/55 MP: 4/4
   133 | D        | Killed a necrophage
   133 | D        | Reached skill level 9 in Axes
   133 | D        | Reached skill level 5 in Armour
   168 | D        | Reached *** piety under Trog
   172 | D        | Entered arena 4.
   172 | D        | Noticed a centaur
   172 | D        | Noticed a centaur
   172 | D        | Noticed a centaur
   172 | D        | Noticed a yaktaur
   172 | D        | Found a transporter.
   173 | D        | Found the +6 lightning scales {run, rElec}
   176 | D        | Killed a centaur
   176 | D        | Reached skill level 10 in Axes
   176 | D        | Reached XP level 6. HP: 66/66 MP: 5/5
   177 | D        | Reached skill level 10 in Fighting
   177 | D        | Reached skill level 5 in Dodging
   180 | D        | Killed a yaktaur
   180 | D        | Reached **** piety under Trog
   180 | D        | Reached skill level 11 in Axes
   180 | D        | Reached skill level 5 in Polearms
   180 | D        | Reached XP level 7. HP: 67/74 MP: 6/6
   221 | D        | Entered arena 5.
   221 | D        | Noticed a golden eye
   221 | D        | Found a transporter.
   222 | D        | Found the +3 robe of Clouds {+Fly rElec}
   229 | D        | Reached skill level 12 in Axes
   229 | D        | Reached skill level 1 in Stealth
   264 | D        | Killed a golden eye
   264 | D        | Reached ***** piety under Trog
   422 | D        | Received a gift from Trog
   428 | D        | Entered arena 6.
   428 | D        | Noticed a yaktaur captain
   428 | D        | Noticed a vault sentinel
   428 | D        | Noticed an orc knight
   428 | D        | Noticed a harpy
   428 | D        | Noticed a vault sentinel
   428 | D        | Found a transporter.
   430 | D        | Killed a harpy
   430 | D        | Reached XP level 8. HP: 85/85 MP: 2/7
   435 | D        | Killed a yaktaur captain
   435 | D        | Reached skill level 14 in Axes
   435 | D        | Reached XP level 9. HP: 67/94 MP: 2/8
   436 | D        | Killed an orc knight
   436 | D        | Reached skill level 10 in Polearms
   439 | D        | Killed a vault sentinel
   443 | D        | Killed a vault sentinel
   443 | D        | Received a gift from Trog
   443 | D        | Reached skill level 15 in Axes
   460 | D        | Reached ****** piety under Trog
   676 | D        | Entered arena 7.
   681 | D        | Received a gift from Trog
   682 | D        | Found a transporter.
   696 | D        | Got the amulet "Tiloch" {+Rage Str+7 Dex-3}
   745 | D        | Entered arena 8.
   745 | D        | Noticed a flail of holy wrath
   745 | D        | Noticed a deep elf knight
   745 | D        | Noticed a deep elf archer
   745 | D        | Noticed a deep elf mage
   746 | D        | Noticed an anaconda
   746 | D        | a slime creature changed into an anaconda
   748 | D        | Noticed a spark wasp
   748 | D        | an anaconda changed into a spark wasp
   750 | D        | Killed a flail of holy wrath
   750 | D        | Reached skill level 15 in Fighting
   750 | D        | Reached skill level 16 in Axes
   750 | D        | Reached XP level 10. HP: 102/105 MP: 3/9
   752 | D        | Noticed an ettin
   752 | D        | a spark wasp changed into an ettin
   756 | D        | Killed an ettin
   760 | D        | Killed a deep elf mage
   760 | D        | Received a gift from Trog
   760 | D        | Reached skill level 10 in Armour
   762 | D        | Killed a deep elf archer
   762 | D        | Reached skill level 17 in Axes
   763 | D        | Found a transporter.
   765 | D        | Killed a deep elf knight
  1086 | D        | Entered arena 9.
  1087 | D        | Found a transporter.
  1089 | D        | Received a gift from Trog
  1102 | D        | Received a gift from Trog
  1148 | D        | Entered arena 10.
  1148 | D        | Noticed a cyclops
  1153 | D        | Found a transporter.
  1155 | D        | HP: 2/107 [merfolk/trident (9)]
  1156 | D        | Identified the +1 quarterstaff of Valour {protect, *Noise MR++ Dex+4}
  1156 | D        | Mangled by a merfolk

Skill      XL: |  1  2  3  4  5  6  7  8  9 10 |
---------------+-------------------------------+-----
Fighting       | 5 8 9 11 12 13 15 | 15.9
Axes           | 5 8 10 11 12 14 16 17 | 17.7
Armour         | 3 4 5 7 8 9 10 | 10.1
Dodging        | 3 4 5 6 7 8 |  8.2
Polearms       | 2 4 5 8 9 11 13 | 13.0
Stealth        | 1 |  1.9

Action                   |  1- 3 |  4- 6 |  7- 9 | 10-12 || total
-------------------------+-------+-------+-------+-------++-------
Melee: Demon trident     |     6 |     6 |    11 |       ||    23
       Headbutt          |     1 |     1 |    10 |     4 ||    16
       Battleaxe         |       |       |    12 |       ||    12
       Broad axe         |       |       |    10 |    25 ||    35
Invok: Berserk           |     2 |     1 |     4 |     1 ||     8
       Burn Spellbooks   |       |     1 |     2 |     2 ||     5
  Use: Potion            |       |       |       |     1 ||     1
  Eat: Chunk             |       |       |     4 |       ||     4
       Ration            |       |       |     1 |       ||     1
Armor: Shadow dragon sca |       |     7 |     6 |       ||    13
       Robe              |       |       |     1 |     5 ||     6
Dodge: Dodged            |     1 |     6 |    11 |    23 ||    41
